Map: Prion Terraces

Players

SJB

  • Race: Terran Terran
  • League: Bronze

Ame - Winner!

  • Race: Zerg Zerg
  • League: Bronze

VOD

Have the link to the VOD?

Description

Time

  • Played on: Nov. 13, 2015, 8:02 p.m.
  • Length: 12:22
Show
View Real Time Build Order
Export as new Build Order

SJB Terran 

Build Orders:  

Get SALT Encoding   

  12  0:04  SCV  
  13  0:29  Engineering Bay  
  13  0:46  Refinery  
  13  1:22  Supply Depot  
  13  1:43  Command Center  
  13  1:46  Barracks  
  13  2:11  Planetary Fortress  
  13  2:35  Refinery  
  13  2:49  SCV  
  14  2:54  SCV  
  15  3:00  Marine  
  15  3:01  SCV  
  17  3:06  SCV  
  18  3:13  SCV  
  18  3:18  Marine  
  18  3:19  SCV  
  21  3:24  Factory  
  21  3:25  SCV  
  22  3:31  SCV  
  23  3:36  Supply Depot  
  23  3:37  SCV  
  24  3:42  Supply Depot  
  24  3:43  SCV  
  25  3:49  SCV  
  25  3:51  Marine  
  27  4:01  SCV  
  28  4:09  Marine  
  29  4:23  Missile Turret  
  29  4:26  Factory Tech Lab  
  29  4:27  Missile Turret, Marine  
  30  4:32  Armory  
  30  4:37  Planetary Fortress, Factory  
  30  4:44  Missile Turret  
  30  4:45  Marine  
  31  4:49  Missile Turret  
  31  4:50  Hi-Sec Auto Tracking  
  31  5:02  Marine  
  32  5:09  Command Center  
  32  5:16  SCV  
  32  5:20  Marine  
  34  5:23  Factory Tech Lab  
  34  5:28  SCV  
  35  5:40  SCV  
  32  5:52  SCV  
  29  6:04  SCV  
  29  6:23  Hellbat x2  
  32  6:36  Engineering Bay  
  31  6:44  Hellbat x2  
  35  6:53  Infernal Pre-Igniter  
  35  7:05  Hellbat  
  35  7:06  Hellbat  
  39  7:09  Planetary Fortress  
  39  7:13  Refinery  
  39  7:15  Barracks Tech Lab  
  39  7:17  Barracks Reactor  
  39  7:27  Hellbat x2  
  43  7:32  Refinery  
  43  7:38  Refinery  
  43  7:48  SCV, Hellbat  
  43  7:50  Command Center  
  46  8:01  Supply Depot, SCV  
  46  8:02  Supply Depot  
  46  8:05  Supply Depot  
  43  8:06  Supply Depot  
  43  8:14  Command Center  
  41  8:27  SCV, Hellbat  
  46  8:40  Siege Tank  
  45  8:56  Hellbat  
  45  9:12  Hellbat  
  47  9:18  Hellbat  
  47  9:23  Supply Depot  
  49  9:24  Supply Depot  
  49  9:25  Supply Depot  
  49  9:28  Refinery  
  49  9:33  Refinery, Hellbat  
  51  9:39  Hellbat  
  34  10:00  Hellbat  
  34  10:04  Planetary Fortress  
  36  10:09  Widow Mine  
  38  10:16  Marine x2  
  40  10:22  SCV, Hellbat  
  41  10:33  Marine  
  41  10:34  SCV, Marine  
  35  10:38  Widow Mine  
  35  10:43  Hellbat  
  35  10:45  SCV  
  38  10:51  Marine x2  
  38  10:56  Missile Turret  
  38  10:57  SCV, Missile Turret  
  38  10:59  Missile Turret  
  38  11:00  Missile Turret  
  39  11:04  Hellbat  
  39  11:09  SCV  
  40  11:21  SCV  
  40  11:22  Missile Turret  
  40  11:24  Missile Turret x2  
  41  11:32  Missile Turret  
  41  11:33  SCV, Missile Turret  
  41  11:34  Missile Turret  
  39  11:45  SCV  
Show
View Real Time Build Order
Export as new Build Order

Ame Zerg - Winner!

Build Orders: Pool First 

Get SALT Encoding   

  12  0:01  Drone  
  13  0:08  Drone  
  14  0:17  Overlord  
  14  0:35  Drone x3  
  17  0:46  Spawning Pool  
  17  0:49  Drone  
  17  1:03  Drone  
  18  1:14  Hatchery  
  18  1:17  Drone  
  18  1:23  Extractor  
  18  1:24  Drone  
  18  1:29  Drone  
  19  1:36  Queen  
  21  1:41  Drone  
  22  1:52  Overlord  
  22  2:11  Queen, Zergling x2  
  25  2:24  Overlord  
  25  2:26  Drone  
  25  2:27  Drone  
  25  2:28  Queen  
  29  2:34  Drone  
  30  2:45  Drone  
  30  2:46  Drone  
  30  2:48  Drone  
  34  2:51  Drone  
  33  3:06  Zergling x2  
  33  3:07  Zergling x6  
  33  3:11  Zergling x2  
  38  3:21  Overlord  
  38  3:37  Hatchery  
  37  3:44  Zergling x2  
  37  3:45  Zergling x12  
  44  3:59  Overlord x2  
  44  4:05  Overlord x2  
  44  4:14  Baneling Nest  
  43  4:25  Zergling x2  
  43  4:26  Zergling x20  
  54  4:35  Extractor x2  
  54  4:36  Drone  
  53  4:51  Drone  
  54  4:53  Drone x3  
  54  4:54  Drone x2  
  59  5:02  Baneling  
  59  5:03  Baneling x18  
  59  5:06  Zergling x2  
  60  5:11  Drone  
  60  5:12  Drone  
  60  5:14  Drone  
  63  5:17  Drone  
  63  5:19  Drone  
  63  5:20  Drone  
  66  5:25  Drone  
  66  5:28  Drone  
  68  5:30  Extractor  
  68  5:33  Zergling x2  
  68  5:34  Zergling x4  
  68  5:35  Zergling x2  
  53  5:50  Zergling x2  
  53  5:51  Zergling x12  
  59  6:06  Metabolic Boost  
  59  6:15  Zergling x2  
  59  6:16  Zergling x20  
  70  6:24  Drone  
  71  6:29  Drone x2  
  73  6:36  Zergling x2  
  74  6:42  Evolution Chamber  
  74  6:43  Evolution Chamber  
  63  6:54  Lair  
  63  6:58  Baneling x15  
  63  6:59  Baneling x8  
  63  7:12  Zerg Melee Weapons Level 1  
  63  7:13  Zerg Ground Armor Level 1  
  63  7:21  Drone x3  
  63  7:22  Drone  
  67  7:24  Zergling x2  
  69  7:30  Zergling x8  
  69  7:34  Overlord  
  72  7:38  Drone x2  
  74  7:45  Zergling x2  
  74  7:46  Zergling x6  
  78  7:52  Zergling x4  
  78  7:53  Zergling x4  
  60  8:08  Zergling x20  
  67  8:20  Zergling x2  
  67  8:21  Zergling x12  
  74  8:31  Infestation Pit  
  74  8:33  Spire  
  72  8:36  Drone x2  
  72  8:37  Drone x2  
  62  8:49  Zergling x2  
  62  8:50  Zergling x18  
  62  8:55  Roach Warren  
  71  8:56  Zergling x4  
  66  9:13  Zergling x14  
  66  9:14  Zergling x10  
  78  9:21  Drone  
  78  9:22  Extractor  
  78  9:24  Zerg Melee Weapons Level 2  
  78  9:26  Zerg Ground Armor Level 2  
  78  9:41  Zergling x8  
  78  9:42  Zergling x12  
  65  10:04  Mutalisk x8  
  80  10:11  Burrow  
  77  10:30  Hatchery  
  75  10:37  Mutalisk  
  75  10:38  Mutalisk x5  
  81  10:57  Mutalisk  
  81  10:58  Mutalisk  
  85  11:05  Mutalisk  
  85  11:11  Zergling x6  
  90  11:19  Extractor  
  90  11:20  Drone  
  90  11:21  Overlord  
  90  11:22  Overlord x10  
  90  11:47  Baneling x6  
  90  11:48  Mutalisk  
  90  11:49  Mutalisk x2  
  96  11:59  Zergling x2  
  96  12:00  Zergling x28  
  111  12:02  Overseer  
Tags
 
Add a new tag
Caveats
  • Supply blocks, unpowered buildings, or Contaminate may cause inaccurate times.
  • Supply counts are checked every 10 seconds.